 Dungeon Crawl Stone Soup version 0.29-a0-668-g12ee2bf84d (webtiles) character file.

Game seed: 10584983884066340689

41 purpskrrrp the Chopper (level 3, -2/26 HPs)
             Began as a Demonspawn Wanderer on June 24, 2022.
             Slain by Natasha (6 damage)
             ... on level 2 of the Dungeon.
             The game lasted 00:05:57 (1955 turns).

purpskrrrp the Chopper (Demonspawn Wanderer)        Turns: 1955, Time: 00:05:57

Health: -2/26      AC:  6    Str: 18    XL:     3   Next: 32%
Magic:  4/4        EV:  9    Int: 11    God:
Gold:   64         SH:  0    Dex: 10    Spells: 4/4 levels left

rFire   + . .      SeeInvis .   a - +0 war axe
rCold   + . .      Faith    .   (no shield)
rNeg    . . .      Spirit   .   b - +0 scale mail
rPois   .          Reflect  .   (helmet restricted)
rElec   .          Harm     .   g - scarf {rC+ rF+}
rCorr   .          Rampage  .   (no gloves)
Will    .....                   (no boots)
Stlth   ..........              (no amulet)
HPRegen 0.08/turn               (no ring)
MPRegen 0.09/turn               (no ring)

@: no status effects
A: antennae 1, spiny 1
a: no special abilities


You were on level 2 of the Dungeon.
You visited 1 branch of the dungeon, and saw 2 of its levels.

You collected 64 gold pieces.

Inventory:

Hand Weapons
 a - a +0 war axe (weapon)
 k - a +0 flail
Missiles
 j - 9 poisoned darts (quivered)
Armour
 b - a +0 scale mail (worn)
 g - a scarf of resistance (worn)
Magical Staves
 d - a staff of cold
Scrolls
 c - a scroll of teleportation
 i - a scroll of blinking {unknown}
Potions
 e - 2 potions of curing
 f - a potion of invisibility {unknown}
 h - a potion of attraction {unknown}


   Skills:
 + Level 1.1 Fighting
 + Level 3.3 Axes
 + Level 1.4 Armour
 + Level 2.1 Stealth
 + Level 1.0 Spellcasting
 + Level 2.1 Air Magic


You had 4 spell levels left.
You didn't know any spells.
Your spell library contained the following spells:

 Spells                   Type           Power      Damage    Failure   Level
 Poisonous Vapours        Pois/Air       4%         N/A       71%         2
 Static Discharge         Conj/Air       2%         N/A       71%         2
 Ozocubu's Armour         Ice            0%         N/A       97%         3
 Ozocubu's Refrigeration  Ice            0%         4d5       100%        7


Dungeon Overview and Level Annotations

Branches:
Dungeon (2/15)

Altars:

Annotations:
D:2 Natasha


Innate Abilities, Weirdness & Mutations

You have a pair of small antennae on your head.
You are partially covered in sharp spines.


Message History

You slash the hobgoblin!
You kill the hobgoblin!
Items here: ( ) ††.
Okay, then.
Items here: ( ) ††.
Found a stone staircase leading up.
Natasha, Servant of Life and Death comes into view.
You closely miss Natasha. Natasha casts a spell at you.
The magic dart hits you! Natasha claws you but does no damage.
You hit Natasha.
Natasha is moderately wounded.
Natasha mumbles some strange words.
You barely miss Natasha.
Natasha is moderately wounded.
You closely miss the crimson imp. Natasha barely misses you.
The crimson imp barely misses you.
You barely miss Natasha.
Natasha is moderately wounded.
You closely miss the crimson imp. Natasha claws you.
The crimson imp barely misses you.
You slash Natasha!
Natasha is almost dead.
You miss the crimson imp.
Natasha stares at you and mumbles some strange words.
The magic dart hits you. The crimson imp closely misses you.
Natasha mumbles some strange words.
You barely miss Natasha.
Natasha is almost dead.
You closely miss the white imp. You hit the crimson imp.
The crimson imp is struck by your spines.
The crimson imp closely misses you. Natasha closely misses you.
The white imp gestures at you. The puff of frost hits you. You resist.
* * * LOW HITPOINT WARNING * * *
The crimson imp blinks!
You closely miss Natasha.
Natasha is almost dead.
You closely miss the white imp. Natasha claws you.
You die...

# #...#.# #.# #
#...††# #.# ########
###### #..#### #.#
........ #..... #...#
#.# ######## # #....#
#.#.# #.# # #.#....#
#.#.## # ##.##.5.#
#.#..#
.......5###.#.##.# .#
#....@h....##.# .# ...
#....###.####.######.#
.... #.#......#
#........#
.....#.#.######
##.......# .....#.#.#
#.......# .....#.#.#
##......# .........#
#......#
...............#
#......#
...............#
#......#


You could see Natasha, a crimson imp (summoned) and a white imp (summoned).

Vanquished Creatures
  An adder (D:2)
  A worm (D:2)
  An orc (D:2)
  A ball python (D:2)
  3 bats
  3 endoplasms
  A giant cockroach (D:2)
  2 goblins (D:1)
  3 hobgoblins
  A quokka (D:2)
  5 frilled lizards
  2 kobolds (D:2)
  2 rats (D:2)
26 creatures vanquished.

Vanquished Creatures (others)
  4 toadstools (D:1)
4 creatures vanquished.

Grand Total: 30 creatures vanquished

Notes
Turn   | Place    | Note
-------+----------+-------------------------------------------
     0 | D:1      | purpskrrrp the Demonspawn Wanderer began the quest for the
                  | Orb.
     0 | D:1      | purpskrrrp set off with the following items: a +0 war axe,
                  | a +0 scale mail, a scroll of teleportation; and the
                  | following spells available to memorise: Poisonous Vapours,
                  | Static Discharge.
     0 | D:1      | Reached XP level 1. HP: 15/15 MP: 2/2
   614 | D:1      | Gained mutation: You have a pair of small antennae on your
                  | head. [demonic ancestry]
   614 | D:1      | Reached XP level 2. HP: 18/21 MP: 3/3
   974 | D:2      | Reached skill level 3 in Axes
  1896 | D:2      | Gained mutation: You are partially covered in sharp spines.
                  | [demonic ancestry]
  1896 | D:2      | Reached XP level 3. HP: 26/26 MP: 4/4
  1947 | D:2      | Noticed Natasha
  1955 | D:2      | Slain by Natasha

Illustrated notes

Levels and vault maps discovered:
D:1:      ldierk_water_garden, layout_basic, minmay_door_square,
          kennysheep_minor_cross
D:2:      layout_basic, hellmonk_ecumenical_altar_leap_of_faith, uniq_natasha

Skill      XL: |  1  2 |
---------------+-------+-----
Air Magic      | 2 |  2.1
Stealth        | 2 |  2.1
Axes           | 3 |  3.3
Fighting       | |  1.1
Armour         | |  1.4
Spellcasting   | |  1.0

Action                   || total
-------------------------++-------
Melee: War axe           ||    78
  Use: Scroll            ||     2
Armor: Scale mail        ||    38
Dodge: Dodged            ||    35

Table legend: (Time is in decaauts)
 A = Elapsed time spent in this place.
 B = Non-inter-level travel time spent in this place.
 C = Inter-level travel time spent in this place.
 D = Time resting spent in this place.
 E = Time spent auto-exploring this place.
 F = Levels seen in this place.
 G = Mean time per level.
                   A        B        C        D        E       F      G
               +--------+--------+--------+--------+--------+-----+--------+
         Total |   1982 |   1807 |    175 |    225 |   1335 |   2 |  991.0 |
       Dungeon |   1982 |   1807 |    175 |    225 |   1335 |   2 |  991.0 |
               +--------+--------+--------+--------+--------+-----+--------+

Top non-repeatable levels by time:
     D:2: 1010 daAuts
     D:1: 972 daAuts
